 Dungeon Crawl Stone Soup version 0.31-a0-188-g5e087ee2ca (webtiles) character file.

Game seed: 2061198003327975424

21 qw the Shooter (level 2, -1/16 HPs)
             Began as a Deep Elf Hunter on June 22, 2023.
             Succumbed to their own poison gas
             ... on level 1 of the Dungeon.
             The game lasted 00:00:14 (646 turns).

qw the Shooter (Deep Elf Hunter)                     Turns: 646, Time: 00:00:14

Health: -1/16      AC:  6    Str: 14    XL:     2   Next: 62%
Magic:  4/4        EV: 12    Int: 13    God:
Gold:   19         SH:  0    Dex: 18    Spells: 1/1 levels left

rFire   . . .        Y - +0 shortbow
rCold   . . .        (shield currently unavailable)
rNeg    . . .        c - +0 leather armour
rPois   .            e - +0 helmet
rElec   .            (no cloak)
rCorr   .            k - +1 pair of gloves
SInv    .            (no boots)
Will    .....        (no amulet)
Stlth   ++           i - +6 ring of strength
HPRegen 0.22/turn    (no ring)
MPRegen 0.09/turn

%: no passive effects
@: lethally poisoned (-1 -> -13)
A: no striking features
a: no special abilities


You were on level 1 of the Dungeon.
You visited 1 branch of the dungeon, and saw 1 of its levels.

You collected 19 gold pieces.


   Skills:
 - Level 1.5 Fighting
 + Level 6.4 Ranged Weapons
 - Level 2.4 Dodging
 - Level 1.2 Stealth


You had one spell level left.
You didn't know any spells.
Your spell library was empty.

Inventory:

Hand Weapons
 Y - a +0 shortbow (weapon)
Armour
 c - a +0 leather armour (worn)
 e - a +0 helmet (worn)
 k - a +1 pair of gloves (worn)
Jewellery
 i - a +6 ring of strength (left hand)
Potions
 d - a potion of heal wounds
 g - a potion of magic {unknown}

Dungeon Overview and Level Annotations

Branches:
Dungeon (1/15)

Altars:


Message History

Your rat is poisoned.
You kill your rat!
Your rat's corpse dissolves into shadows!
Your frilled lizard is engulfed in poison gas.
Your frilled lizard is poisoned.
Done exploring.
642 ||| DROPPING scroll of butterflies.
You drop a scroll of butterflies.
You kill your frilled lizard!
Your frilled lizard's corpse dissolves into shadows!
Your ball python looks even sicker.
Done exploring.
(D) Dungeon
Where to? (* - list waypoints, ? - help)
What level of the Dungeon? (default 1, ? - help) Sorry, I don't know how to get there.
Enter note:
Enter note:
Enter note:
Enter note:
Enter note:
Enter note:
Enter note:
Enter note:
Enter note: Really walk into that cloud of poison gas?
You are engulfed in poison gas.
You are lethally poisoned!
You feel very sick.
Your ball python looks even sicker.
Your ball python is engulfed in poison gas.
Your ball python looks as sick as possible!
You kill your ball python!
Your ball python's corpse dissolves into shadows!
644 ||| Stepping ~*~*~tactically~*~*~ (cloud).
You feel very sick.
You see here a scroll of butterflies.
There is a lethal amount of poison in your body!
You feel very sick.
There is a lethal amount of poison in your body!
You die...

############.# #
##....#.# # ###.#...#.#
####..##...#.#
.'..#####.##.# ########
.#### #.##.# #¤¤....#
.'..### #.##.# #¤####.#
####..###.##.# #¤#..#.#
# ###.##....# #@¤¤¤#.#
#######.#############.##
.......................#
.#######################
.# .# .# .# .#


There were no monsters in sight!

Vanquished Creatures
  2 ball pythons (D:1)
  4 endoplasms (D:1)
  5 jackals (D:1)
  3 quokkas (D:1)
  A frilled lizard (D:1)
  A goblin (D:1)
16 creatures vanquished.

Notes
Turn   | Place    | Note
-------+----------+-------------------------------------------
     0 | D:1      | qw the Deep Elf Hunter began the quest for the Orb.
     0 | D:1      | Reached XP level 1. HP: 12/12 MP: 3/3
     0 | D:1      | 0 ||| qw: Version: 0.3-a-9-g12657ce
     0 | D:1      | 0 ||| qw: Game counter: 3025
     0 | D:1      | 0 ||| qw: Always use a shield: true
     0 | D:1      | 0 ||| qw: God list: Okawaru
     0 | D:1      | 0 ||| qw: Allow faded altars: false
     0 | D:1      | 0 ||| qw: Do Orc after D:15 true
     0 | D:1      | 0 ||| qw: Do second Lair branch before Depths: true
     0 | D:1      | 0 ||| qw: Lair rune preference: random
     0 | D:1      | 0 ||| qw: Plans: Normal
     0 | D:1      | 0 ||| PLANNING D:1-11
    78 | D:1      | Reached XP level 2. HP: 14/16 MP: 4/4
   103 | D:1      | Reached skill level 6 in Ranged Weapons
   627 | D:1      | 627 ||| UPGRADING to +0 helmet.
   632 | D:1      | 632 ||| UPGRADING to +1 pair of gloves.
   637 | D:1      | 637 ||| UPGRADING to +6 ring of strength.
   638 | D:1      | 638 ||| READING scroll labelled XOXTYI KOIMNU.
   639 | D:1      | 639 ||| READING scroll labelled FUQYOG YNATOOQ.
   640 | D:1      | 640 ||| READING scroll labelled TAYCHE FODAAWK.
   641 | D:1      | 641 ||| DRINKING 2 metallic purple potions.
   642 | D:1      | 642 ||| DROPPING scroll of butterflies.
   644 | D:1      | 644 ||| Stepping ~*~*~tactically~*~*~ (cloud).
   645 | D:1      | HP: 2/16 [poisoned by you (poison gas)]
   646 | D:1      | Succumbed to their own poison gas

Levels and vault maps discovered:
D:1:      dpeg_arrival_radiant, layout_basic

Skill      XL: |  1  2 |
---------------+-------+-----
Ranged Weapons | 6 |  6.4
Fighting       | |  1.5
Dodging        | |  2.4
Stealth        | |  1.2

Action                     || total
---------------------------++-------
   Fire: Shortbow          ||    47
    Use: Scroll            ||     3
         Potion            ||     1
 Armour: Leather armour    ||     4
  Dodge: Dodged            ||    20

Table legend:
 A = Non-vault XP
 B = Vault XP
 C = Vault XP percentage of total XP
 D = Non-vault monster count
 E = Vault monster count
 F = Vault count percentage of total count
                 A         B        C        D         E       F
            +---------+---------+-------+---------+---------+-------
      Total |      30 |       0 |   0.0 |      16 |       0 |   0.0
            +---------+---------+-------+---------+---------+-------
        D:1 |      30 |       0 |   0.0 |      16 |       0 |   0.0
            +---------+---------+-------+---------+---------+-------
